 Dungeon Crawl Stone Soup version 0.22.1-1-ga44c0e56f4 (webtiles) character file.

350 Kaderl the Shield-Bearer (level 6, -6/48 HPs)
             Began as a Human Fighter on Oct 16, 2018.
             Mangled by an ogre
             ... wielding a +0 giant club
              (8 damage)
             ... on level 4 of the Dungeon.
             The game lasted 00:08:13 (3740 turns).

Kaderl the Shield-Bearer (Human Fighter)            Turns: 3740, Time: 00:08:14

Health: -6/48      AC:  9    Str: 17    XL:     6   Next: 92%
Magic:  6/6        EV:  5    Int:  9    God:
Gold:   163        SH:  9    Dex: 13    Spells: 5/5 levels left

rFire    . . .     SeeInvis .   a - +0 long sword
rCold    . . .     Gourm    .   c - +0 shield
rNeg     . . .     Faith    .   i - +0 chain mail
rPois    .         Spirit   .   (no helmet)
rElec    .         Reflect  .   (no cloak)
rCorr    .         Harm     .   (no gloves)
MR       .....                  (no boots)
Stlth    ..........             (no amulet)
HPRegen  0.16/turn              (no ring)
MPRegen  0.10/turn              (no ring)

@: no status effects
A: no striking features
a: no special abilities


You were on level 4 of the Dungeon.
You were not hungry.

You visited 1 branch of the dungeon, and saw 4 of its levels.

You collected 163 gold pieces.

Inventory:

Hand Weapons
 a - a +0 long sword (weapon)
Armour
 c - a +0 shield (worn)
 i - a +0 chain mail (worn)
Wands
 l - a wand of iceblast (20)
 m - a wand of scattershot (6)
Scrolls
 e - a scroll of immolation {unknown}
 n - a scroll of teleportation
 o - a scroll of magic mapping {unknown}
Potions
 b - a potion of invisibility
 d - a potion of might
 g - 2 potions of ambrosia
 h - 3 potions of mutation
 j - 3 potions of flight
 k - a potion of brilliance {unknown}
 p - 2 potions of curing {unknown}
Comestibles
 f - 11 rations


   Skills:
 + Level 3.8 Fighting
 + Level 4.1 Long Blades
 + Level 4.1 Armour
 + Level 1.3 Dodging
 + Level 0.2 Stealth
 + Level 4.5 Shields


You had 5 spell levels left.
You didn't know any spells.
Your spell library was empty.

Dungeon Overview and Level Annotations

Branches:
Dungeon (4/15)
 Temple: D:4-7

Altars:
Ashenzari
Cheibriados
Ru
Sif Muna

Shops:
D:4 %

Annotations:
D:3 3 runed doors, Divine's ghost, amateur DsCK


Message History

There is a stone staircase leading down here.
The ogre is too close now for your liking.
You hit the ogre.
The ogre is lightly wounded.
The ogre hits you but does no damage.
You hit the ogre.
The ogre is moderately wounded.
You block the ogre's attack.
You hit the ogre.
The ogre is moderately wounded.
The ogre hits you with a giant club!!
You completely miss the ogre.
The ogre is moderately wounded.
The ogre hits you with a giant club!!
Ouch! That really hurt!
* * * LOW HITPOINT WARNING * * *
You closely miss the ogre.
The ogre is moderately wounded.
The ogre hits you with a giant club!
You die...

# ##.##.......###..#...## #. ###
###.......#####........# #.
..###........## #..∩.....# #.
#.....#.#.#..# #........#####.
.##....##.#..# #..............
....##.......# ###.........#####
....##..##...####......#......# #
....#..................#......###
#...>...........@O.....#......#..
#####.#..........###...#.######.#
# ##.#.........## #...#.# #.# #
#..#.........# #...#.## ..#
####.##.........# ###....## #.##
......####..#...#### ##...###.##
......# #.........#####.#<....##
......####.#.......#........####
.........(.........#.........###


You could see an ogre.

Vanquished Creatures
  An ogre (D:4)
  A scorpion (D:4)
  A howler monkey (D:4)
  3 worker ants (D:4)
  5 adders (D:2)
  An ooze (D:4)
  2 dart slugs
  A worm (D:1)
  2 leopard geckos
  2 ball pythons (D:4)
  5 giant cockroaches
  9 goblins
  2 hobgoblins
  4 jackals
  2 kobolds
  8 bats
  2 frilled lizards
  7 rats
58 creatures vanquished.

Notes
Turn   | Place    | Note
-------+----------+-------------------------------------------
     0 | D:1      | Kaderl the Human Fighter began the quest for the Orb.
     0 | D:1      | Reached XP level 1. HP: 18/18 MP: 1/1
   322 | D:1      | Reached XP level 2. HP: 20/24 MP: 2/2
   862 | D:2      | Reached XP level 3. HP: 20/29 MP: 3/3
  1264 | D:2      | Found a shattered altar of Ashenzari.
  1309 | D:2      | Reached XP level 4. HP: 33/35 MP: 4/4
  1366 | D:2      | Found a snail-covered altar of Cheibriados.
  1376 | D:2      | Found a snail-covered altar of Cheibriados.
  2092 | D:3      | Reached XP level 5. HP: 41/41 MP: 5/5
  2126 | D:3      | Found a runed gate.
  2127 | D:3      | Found a runed gate.
  2127 | D:3      | Found a runed gate.
  2132 | D:3      | Noticed Divine's ghost (amateur DsCK)
  2472 | D:4      | Found Kiuth's Food Shoppe.
  2822 | D:4      | Noticed an ogre
  2831 | D:4      | HP: 2/41 [ogre/giant club (4)]
  3187 | D:4      | Reached skill level 1 in Dodging
  3187 | D:4      | Reached XP level 6. HP: 25/48 MP: 6/6
  3213 | D:4      | HP: 2/48 [poisoned by a scorpion]
  3221 | D:4      | HP: 1/48 [poisoned by a scorpion]
  3399 | D:4      | Found a sacrificial altar of Ru.
  3478 | D:4      | Noticed an ogre
  3484 | D:4      | Killed an ogre
  3653 | D:4      | Found a deep blue altar of Sif Muna.
  3739 | D:4      | HP: 2/48 [ogre/giant club (24)]
  3740 | D:4      | Mangled by an ogre

Skill      XL: |  1  2  3  4  5  6 |
---------------+-------------------+-----
Long Blades    | 3 4 |  4.1
Shields        | 4 |  4.5
Dodging        | 1 |  1.3
Armour         | 4 |  4.1
Fighting       | |  3.8
Stealth        | |  0.2

Action                   |  1- 3 |  4- 6 || total
-------------------------+-------+-------++-------
Melee: Long sword        |    80 |   169 ||   249
  Use: Scroll            |     2 |     6 ||     8
       Potion            |       |     1 ||     1
  Eat: Ration            |     1 |     2 ||     3
Armor: Scale mail        |     2 |       ||     2
       Chain mail        |    67 |   108 ||   175
Dodge: Dodged            |    24 |    35 ||    59
Block: Shield            |    57 |   103 ||   160
       Rpst.: Long sword |     4 |     8 ||    12
